 Dungeon Crawl Stone Soup version 0.28-a0-664-gc179e30c89 (webtiles) character file.

Game seed: 17423916943412546536

11 Irenicus the Digger (level 2, -6/22 HPs)
             Began as a Deep Dwarf Earth Elementalist on Oct 15, 2021.
             Mangled by Sigmund (12 damage)
             ... on level 4 of the Dungeon.
             The game lasted 00:01:31 (143 turns).

Irenicus the Digger (Deep Dwarf Earth Elementalist)  Turns: 143, Time: 00:01:32

Health: -6/22      AC:  2    Str: 11    XL:     2   Next: 17%
Magic:  0/4        EV: 12    Int: 15    God:
Gold:   97         SH:  0    Dex: 13    Spells: 3/4 levels left

rFire   . . .      SeeInvis .   a - +0 short sword
rCold   . . .      Faith    .   (no shield)
rNeg    . . .      Spirit   .   b - +0 robe
rPois   .          Reflect  .   (no helmet)
rElec   .          Harm     .   (no cloak)
rCorr   .          Rampage  .   (no gloves)
Will    .....      Rage     1%  (no boots)
Stlth   ++........              (no amulet)
HPRegen 0.00/turn               (no ring)
MPRegen 0.09/turn               (no ring)

@: no status effects
A: damage resistance, heal wounds, sense surroundings 1, no regeneration, talons
1, berserk 1, sturdy frame 1
a: Heal Wounds


You were on level 4 of the Dungeon.
You visited 1 branch of the dungeon, and saw 4 of its levels.

You collected 97 gold pieces.


Innate Abilities, Weirdness & Mutations

You are resistant to damage.
You can heal yourself by infusing magical energy.
You passively map a small area around you.
You do not regenerate.
You have sharp toenails.
You tend to lose your temper in combat.
Your movements are slightly less encumbered by armour. (ER -2)


   Skills:
 - Level 2.1 Dodging
 - Level 2.4 Stealth
 - Level 1.7 Spellcasting
 - Level 0.8 Transmutations
 + Level 4.9 Earth Magic


You had 3 spell levels left.
You knew the following spells:

 Your Spells              Type           Power      Damage    Failure   Level
z - Sandblast             Erth           32%        2d9       3%          1

Your spell library contained the following spells:

 Spells                   Type           Power      Damage    Failure   Level
 Passwall                 Tmut/Erth      8%         N/A       11%         2
 Stone Arrow              Conj/Erth      16%        3d8       24%         3
 Petrify                  Tmut/Erth      10%        N/A       56%         4

Inventory:

Hand Weapons
 a - a +0 short sword (weapon)
Missiles
 c - 21 stones
Armour
 b - a +0 robe (worn)
Scrolls
 e - a scroll of immolation {unknown}
Potions
 d - a potion of mutation

Dungeon Overview and Level Annotations

Branches:
Dungeon (4/15)
 Temple: D:4-7

Altars:

Shops:
D:4 *

Annotations:
D:4 Sigmund

* * * * , , , , , * * *
* , , * *
################ <, *
.⌠.............####.####
∩..## ##..@.{...$. ,
.⌠###########...........
...............#########
############.### , ** *
,...# * * * * ,,##### *
, ,* , * * * ##.#* ,,
...#


There were no monsters in sight!


Message History

Sigmund flickers and vanishes!
Deactivating autopickup; reactivate with Ctrl-A.
Casting: Sandblast (safe; 3% risk of failure)
Confirm with . or Enter, or press ? or * to list all spells.
Aiming: Sandblast (safe; 3% risk of failure)
Press: ? - help, Shift-Dir - straight line The blast of sand hits something.
Casting: Sandblast (safe; 3% risk of failure)
Confirm with . or Enter, or press ? or * to list all spells.
Aiming: Sandblast (safe; 3% risk of failure)
Press: ? - help, Shift-Dir - straight line The blast of sand hits something!
A magic dart appears from out of thin air!
The magic dart hits you.
* * * LOW HITPOINT WARNING * * *
Casting: Sandblast (safe; 3% risk of failure)
Confirm with . or Enter, or press ? or * to list all spells.
Aiming: Sandblast (safe; 3% risk of failure)
Press: ? - help, Shift-Dir - straight line The blast of sand hits something.
Something hits you.
* * * LOW HITPOINT WARNING * * *
Unknown command.
Casting: Sandblast (safe; 3% risk of failure)
Confirm with . or Enter, or press ? or * to list all spells.
Aiming: Sandblast (safe; 3% risk of failure)
Press: ? - help, Shift-Dir - straight line The blast of sand hits something but does no damage.
Something hits you!
Ouch! That really hurt!
You die...

Action                   || total
-------------------------++-------
Melee: Short sword       ||     4
 Cast: Sandblast         ||    12
  Use: Scroll            ||     2
       Potion            ||     1
Armor: Robe              ||     2
Dodge: Dodged            ||     4

Levels and vault maps discovered:
D:1:      roderic_dead_forest, layout_basic
D:2:      layout_loops_ring, serial_shops, shop_fountains,
          shapermc_ecumenical_altar_venn, minmay_split_cup_large, uniq_jessica
D:3:      layout_rooms
D:4:      layout_rooms, amcnicky_altar_gilded, serial_shops, shop_fountains,
          minmay_shop_grid_forest, uniq_sigmund

Notes
Turn   | Place    | Note
-------+----------+-------------------------------------------
     0 | D:1      | Irenicus the Deep Dwarf Earth Elementalist began the quest
                  | for the Orb.
     0 | D:1      | Reached XP level 1. HP: 15/15 MP: 3/3
    74 | D:4      | Found Oridghae's General Store.
    98 | D:4      | Reached XP level 2. HP: 13/22 MP: 0/4
   136 | D:4      | Noticed Sigmund
   137 | D:4      | Gained mutation: You have sharp toenails. [potion of
                  | mutation]
   137 | D:4      | Gained mutation: You tend to lose your temper in combat.
                  | [potion of mutation]
   137 | D:4      | Gained mutation: Your movements are slightly less
                  | encumbered by armour. (ER -2) [potion of mutation]
   143 | D:4      | Mangled by Sigmund

Vanquished Creatures
  An adder (D:4)
  A jackal (D:4)
  A ball python (D:2)
  A kobold (D:2)
4 creatures vanquished.

Table legend: (Time is in decaauts)
 A = Elapsed time spent in this place.
 B = Non-inter-level travel time spent in this place.
 C = Inter-level travel time spent in this place.
 D = Time resting spent in this place.
 E = Time spent auto-exploring this place.
 F = Levels seen in this place.
 G = Mean time per level.
                   A        B        C        D        E       F      G
               +--------+--------+--------+--------+--------+-----+--------+
         Total |    142 |    142 |      0 |      0 |      0 |   4 |   35.5 |
       Dungeon |    142 |    142 |      0 |      0 |      0 |   4 |   35.5 |
               +--------+--------+--------+--------+--------+-----+--------+

Top non-repeatable levels by time:
     D:4: 92 daAuts
     D:2: 27 daAuts
     D:3: 19 daAuts
     D:1: 3 daAuts

Table legend:
 A = Non-vault XP
 B = Vault XP
 C = Vault XP percentage of total XP
 D = Non-vault monster count
 E = Vault monster count
 F = Vault count percentage of total count
                 A         B        C        D         E       F
            +---------+---------+-------+---------+---------+-------
      Total |      17 |       0 |   0.0 |       4 |       0 |   0.0
            +---------+---------+-------+---------+---------+-------
        D:2 |       2 |       0 |   0.0 |       2 |       0 |   0.0
        D:4 |      15 |       0 |   0.0 |       2 |       0 |   0.0
            +---------+---------+-------+---------+---------+-------
